Map: Fracture LE

Players

LiquidTLO (TLO)

  • Race: Zerg Zerg
  • Spawn Location: 11:00

Reynor - Winner!

  • Race: Zerg Zerg
  • Spawn Location: 5:00

Event: WCS Montreal 2018

VOD

Have the link to the VOD?

Description

Time

  • Played on: Sept. 7, 2018, 1:07 p.m.
  • Length: 9:08

All games in this series

Show
View Real Time Build Order
Export as new Build Order

LiquidTLO Zerg 

Build Orders: Hatch First 

Get SALT Encoding   

  12  0:00  Drone  
  13  0:08  Drone  
  14  0:17  Overlord  
  14  0:35  Drone x2  
  16  0:47  Hatchery  
  15  0:51  Drone  
  15  0:55  Drone  
  17  1:09  Spawning Pool  
  16  1:12  Drone  
  16  1:15  Drone  
  16  1:17  Extractor  
  17  1:21  Drone  
  18  1:30  Drone  
  19  1:51  Overlord  
  19  1:54  Drone  
  20  1:56  Queen  
  20  1:59  Queen  
  20  2:00  Zergling x2  
  20  2:01  Zergling x2  
  26  2:13  Drone x2  
  28  2:21  Drone  
  29  2:24  Zergling x2  
  30  2:33  Queen  
  30  2:34  Overlord  
  30  2:35  Drone  
  33  2:44  Evolution Chamber  
  33  2:47  Drone x2  
  34  2:53  Evolution Chamber  
  34  2:55  Overlord  
  34  2:56  Drone  
  35  2:59  Extractor  
  35  3:04  Drone x2  
  35  3:05  Drone  
  37  3:07  Drone  
  37  3:10  Drone  
  39  3:15  Drone  
  39  3:16  Lair  
  40  3:20  Zerg Missile Weapons Level 1  
  40  3:24  Drone  
  41  3:27  Drone  
  41  3:32  Roach Warren  
  41  3:36  Drone  
  41  3:37  Extractor, Drone  
  41  3:39  Drone  
  41  3:40  Drone  
  44  3:43  Drone  
  44  3:47  Overlord  
  45  3:49  Drone  
  45  3:51  Drone  
  45  3:53  Drone  
  48  4:00  Drone  
  48  4:02  Evolution Chamber  
  48  4:05  Overlord  
  48  4:14  Glial Reconstitution  
  48  4:18  Drone x2  
  48  4:19  Overlord  
  48  4:20  Roach x2  
  48  4:24  Evolution Chamber, Roach  
  54  4:27  Roach  
  54  4:30  Roach  
  59  4:43  Hatchery, Roach x2  
  62  4:49  Overlord, Roach  
  64  4:53  Drone  
  64  4:54  Drone x2  
  64  4:55  Drone  
  68  5:03  Spire  
  68  5:04  Drone  
  68  5:13  Drone  
  69  5:14  Extractor  
  69  5:17  Drone x3  
  69  5:19  Drone, Zerg Missile Weapons Level 2  
  72  5:21  Drone x2  
  72  5:24  Overlord  
  72  5:28  Roach  
  76  5:29  Roach  
  78  5:38  Drone  
  78  5:40  Roach  
  81  5:47  Drone x2  
  82  5:50  Drone x4  
  82  5:51  Extractor, Drone  
  86  5:58  Roach x2  
  86  5:59  Overseer  
  86  6:03  Drone  
  86  6:04  Drone  
  92  6:05  Extractor  
  91  6:16  Overlord  
  91  6:17  Mutalisk x3  
  97  6:21  Overlord, Zerg Flyer Weapons Level 1  
  97  6:25  Overlord  
  97  6:30  Overlord  
  97  6:34  Mutalisk  
  97  6:35  Mutalisk x3  
  105  6:45  Drone  
  105  6:47  Mutalisk x2  
  106  6:49  Mutalisk  
  106  6:53  Mutalisk  
  114  6:54  Drone  
  114  6:55  Drone, Hatchery  
  114  6:58  Mutalisk  
  117  7:06  Roach  
  117  7:07  Roach  
  117  7:08  Roach x2  
  123  7:11  Zergling x2, Roach x2  
  123  7:13  Roach  
  130  7:21  Roach  
  128  7:24  Roach  
  128  7:27  Roach x2  
  128  7:29  Roach  
  130  7:30  Roach x2  
  130  7:31  Roach  
  130  7:32  Roach  
  130  7:34  Roach  
  130  7:35  Roach  
  106  7:39  Roach  
  106  7:41  Roach  
  91  7:45  Roach  
  91  7:50  Roach  
  86  7:54  Roach  
  86  7:58  Roach  
  76  8:03  Roach  
  70  8:10  Roach  
  72  8:15  Roach  
  72  8:18  Roach  
  76  8:29  Roach  
  76  8:30  Roach  
  76  8:31  Roach  
  76  8:33  Overseer  
  80  8:40  Roach  
  78  8:46  Roach  
  82  8:48  Roach  
Show
View Real Time Build Order
Export as new Build Order

Reynor Zerg - Winner!

Build Orders: Hatch First 

Get SALT Encoding   

  12  0:01  Drone  
  13  0:12  Overlord  
  13  0:16  Drone  
  14  0:31  Drone x2  
  16  0:39  Drone  
  17  0:52  Hatchery  
  16  1:06  Spawning Pool  
  16  1:08  Drone  
  16  1:11  Drone  
  16  1:16  Drone  
  18  1:18  Extractor  
  17  1:27  Drone  
  18  1:41  Drone  
  19  1:52  Zergling x2  
  19  1:53  Zergling x2  
  21  1:59  Queen  
  21  2:00  Extractor  
  23  2:01  Overlord  
  23  2:03  Queen  
  23  2:06  Drone  
  26  2:13  Drone  
  26  2:14  Drone  
  28  2:23  Drone  
  28  2:26  Drone  
  30  2:36  Hatchery  
  29  2:37  Drone  
  29  2:39  Drone  
  31  2:50  Queen  
  32  2:54  Zergling x4  
  32  2:57  Zergling x2  
  35  2:59  Overlord  
  35  3:11  Metabolic Boost  
  34  3:13  Drone x2  
  34  3:16  Overlord  
  34  3:18  Zergling x4  
  38  3:23  Drone  
  38  3:24  Drone  
  40  3:30  Zergling x4  
  40  3:32  Drone  
  43  3:37  Evolution Chamber  
  43  3:39  Drone x2  
  44  3:44  Drone  
  44  3:46  Drone  
  46  3:50  Roach Warren  
  46  3:51  Drone  
  46  3:57  Overlord  
  46  4:03  Zerg Missile Weapons Level 1  
  46  4:13  Extractor  
  46  4:16  Drone x4  
  49  4:18  Drone x3  
  49  4:20  Extractor  
  49  4:23  Overlord  
  51  4:29  Overlord  
  51  4:30  Roach  
  51  4:31  Roach x2  
  57  4:37  Overlord  
  55  4:39  Drone x2  
  55  4:41  Drone x3  
  55  4:44  Roach  
  62  4:48  Roach x2  
  66  4:54  Drone  
  66  4:58  Lair  
  67  5:01  Roach  
  67  5:04  Roach  
  67  5:05  Drone x3  
  74  5:09  Roach  
  74  5:11  Roach  
  74  5:13  Zergling x4  
  79  5:15  Zergling x2  
  79  5:18  Roach  
  79  5:19  Drone  
  83  5:22  Overlord  
  83  5:24  Drone  
  83  5:25  Drone  
  83  5:28  Roach  
  87  5:36  Roach  
  87  5:39  Overlord  
  87  5:41  Drone x5  
  94  5:44  Drone  
  94  5:49  Roach  
  97  5:50  Overlord x2  
  97  5:52  Extractor  
  97  5:54  Glial Reconstitution  
  96  5:59  Roach x3  
  96  6:00  Roach  
  96  6:01  Overseer  
  104  6:06  Overlord  
  104  6:08  Overlord  
  104  6:11  Roach x2  
  108  6:14  Roach  
  108  6:15  Roach  
  108  6:17  Roach x2  
  116  6:23  Roach x3  
  116  6:25  Overlord  
  120  6:27  Roach  
  120  6:29  Roach  
  120  6:31  Roach  
  125  6:35  Roach x2  
  125  6:38  Roach x2  
  133  6:45  Roach x2  
  133  6:46  Roach x2  
  141  6:49  Roach  
  143  6:54  Overlord  
  143  6:55  Overlord  
  143  7:01  Roach  
  145  7:02  Overlord  
  145  7:07  Overlord  
  145  7:09  Hydralisk Den  
  145  7:14  Roach x5  
  154  7:19  Overlord  
  153  7:29  Zergling x8  
  154  7:31  Spore Crawler, Queen x2  
  154  7:32  Queen  
  154  7:35  Roach  
  147  7:38  Roach  
  147  7:39  Roach  
  147  7:41  Roach  
  141  7:49  Hydralisk x2  
  139  7:51  Hydralisk  
  139  7:57  Hydralisk  
  123  8:00  Hydralisk  
  123  8:03  Hydralisk x2  
  123  8:04  Hydralisk x2  
  123  8:05  Hydralisk  
  121  8:10  Hydralisk  
  114  8:15  Hydralisk  
  116  8:21  Hydralisk  
  116  8:26  Drone x4  
  116  8:27  Hydralisk  
  118  8:28  Extractor  
  118  8:29  Hydralisk  
  118  8:33  Hydralisk  
  123  8:36  Drone, Roach  
  123  8:37  Drone  
  123  8:40  Extractor  
  115  8:41  Spore Crawler  
  115  8:42  Hydralisk  
  115  8:47  Roach x2  
  115  8:48  Spore Crawler  
  111  8:52  Drone x3  
Tags
 
Add a new tag
Caveats
  • Supply blocks, unpowered buildings, or Contaminate may cause inaccurate times.
  • Supply counts are checked every 10 seconds.